 Dungeon Crawl Stone Soup version 0.31-a0-876-gfe8ebadbca (webtiles) character file.

Game seed: 12449268706541883513

100 kae the Changeling (level 4, -1/38 HPs)
             Began as a Demigod Shapeshifter on Oct 13, 2023.
             Slain by a gnoll
             ... wielding a +0 spear
              (3 damage)
             ... on level 3 of the Dungeon.
             The game lasted 00:02:28 (1874 turns).

kae the Changeling (Demigod Shapeshifter)           Turns: 1874, Time: 00:02:28

Health: -1/38      AC:  6    Str: 15    XL:     4   Next: 23%
Magic:  6/6        EV: 11    Int: 12    God:
Gold:   139        SH:  0    Dex: 17    Spells: 3/3 levels left

rFire   . . .        b - melded +0 dagger
rCold   . . .        (shield currently unavailable)
rNeg    . . .        k - +1 ring mail
rPois   .            (no helmet)
rElec   .            (no cloak)
rCorr   .            (no gloves)
SInv    .            (no boots)
Will    .....        (no amulet) Stlth
                     (no ring)
HPRegen 0.26/turn    (no ring)
MPRegen 0.10/turn

%: no passive effects
@: berserking, flux-form, glowing, very quick
A: glow, contaminating, reduced hp, high MP 1, forlorn, divine attributes
a: Begin Untransformation


You were on level 3 of the Dungeon.
You were something dangerously unstable.
You visited 1 branch of the dungeon, and saw 3 of its levels.

You collected 139 gold pieces.


Innate Abilities, Weirdness & Mutations

You are something dangerously unstable.
You glow with magical radiation, making you easy to see and hit.
Foes you strike become dangerously contaminated with magical radiation.
Your maximum health is decreased, since you lack skill for your form.
You are incapable of wielding weapons or throwing items.
You have an increased reservoir of magic. (+10% MP)
You shall have no god before yourself.
Your divine heritage dramatically boosts your attributes as you level up.


   Skills:
 - Level 0.8 Fighting
 - Level 1.7 Dodging
 - Level 2.6 Unarmed Combat
 + Level 4.5 Shapeshifting


You had 3 spell levels left.
You didn't know any spells.
Your spell library contained the following spells:

 Spells                   Type           Power      Damage    Failure   Level
 Blink                    Tloc           0%         N/A       69%         2
 Lesser Beckoning         Tloc           0%         N/A       69%         2
 Momentum Strike          Conj/Tloc      0%         3d8       69%         2

Inventory:

Hand Weapons
 b - a +0 dagger (melded)
   (You took it off a kobold on level 1 of the Dungeon)
Missiles
 g - 8 stones
 i - 6 boomerangs
 j - 2 poisoned darts
Armour
 a - a +0 animal skin
 k - a +1 ring mail (worn)
   (You found it on level 1 of the Dungeon)
Talismans
 c - a beast talisman
 d - a flux talisman (active)
 l - a blade talisman
   (You found it on level 2 of the Dungeon)
Potions
 e - a potion of mutation {unknown}
 h - a potion of enlightenment {unknown}
 m - 2 potions of might {unknown}

Dungeon Overview and Level Annotations

Branches:
Dungeon (3/15) Zot: 16128

Shops:
D:1 :

Annotations:
D:2 1 runed translucent door, Crazy Yiuf
D:3 2 transporters

...>......
....g.....#
.......... .........
.......... ...r..#
≈≈≈≈~≈≈≈≈≈ ..o.
≈≈≈≈~≈≈≈≈≈ #####'#
##.....### #...r.#
.#8###8#. #.###8#
.### .##≈≈. #g#..P#
... .#≈≈) #p#.#.##
#.##
.###≈≈.##)).#.P##
#.#$$ #
#..≈≈.######P_P#####
#.#. .##.≈≈.##.#
##..#P'.# ©.#
.g#.≈≈.##.# ##.#.#.#
#.# ##.##.≈≈.##.##
#...#.#
#.#8⌠8#.#.........#
#8###.#
#.'.©.'g#©.....##.#
#.....#
#.#P.P#.#......##.#
#'#####


You could see a gnoll (contam).


Message History

The gnoll shouts!
You enter the shallow water.
Moving in this stuff is going to be slow.
Key pressed, stopping explore.
No reachable target in view!
No reachable target in view!
The gnoll shouts!
The gnoll shouts! x2
Key pressed, stopping explore.
You open the door.
Found a faded altar of an unknown god.
There is an open door here.
As you open the door, it creaks loudly!
There is an open door here.
There is a faded altar of an unknown god here.
You open the door.
There is an open door here.
You open the door.
A rat, an orc and a gnoll come into view.
The orc shouts!
The gnoll shouts!
You hear a shout! x2
The orc moves out of view.
There are monsters nearby!
There are monsters nearby!
Unknown command.
A giant cockroach comes into view.
A gnoll comes into view. It is wielding a +0 spear.
There is an open door here.
You start waiting.
A rat is nearby!
You hit the rat.
The rat begins to glow.
The rat bites you but does no damage.
You barely miss the rat.
Something bites the plant.
The plant begins to die.
The rat bites you but does no damage.
You barely miss the rat.
Something completely misses the plant.
The rat bites you but does no damage.
You hit the rat.
You kill the rat!
Unknown command.
You hit the giant cockroach but do no damage.
The giant cockroach begins to glow.
The giant cockroach bites you. The giant cockroach barely misses you.
You barely miss the giant cockroach.
Something hits the plant.
The giant cockroach bites you but does no damage.
You hit the giant cockroach but do no damage.
The giant cockroach glows dangerously bright.
Something hits the plant!
The giant cockroach barely misses you.
You hit the giant cockroach.
The giant cockroach shudders as magic cascades through it!
You kill the giant cockroach!
A nearby plant withers and dies.
You hit the orc.
The orc begins to glow.
The orc closely misses you.
You hit the orc.
The orc glows dangerously bright.
The orc hits you with a +0 mace. 😕 HP[-5]
You take 5 damage, and now have 20/25 hp.
You barely miss the orc. The orc hits you with a +0 mace.
You are too injured to fight recklessly! 😮 HP[-3]
You take 3 damage, and now have 17/25 hp.
You are too injured to fight recklessly!
You are too injured to fight recklessly!
Unknown command.
You hit the orc.
You kill the orc!
You start resting.
A gnoll is nearby!
The gnoll hits you from afar with a +0 spear.
* * * LOW HITPOINT WARNING * * *
The gnoll misses you.
There is an open door, spattered with blood here.
Items here: ) †††. 😨 HP[-6]
You take 6 damage, and now have 11/25 hp.
MASSIVE DAMAGE!! (PAUSE)
You hit the gnoll.
The gnoll begins to glow.
The gnoll hits you with a +0 spear.
* * * LOW HITPOINT WARNING * * *
The gnoll barely misses you. 😨 HP[-4]
You take 4 damage, and now have 7/25 hp.
You hit the gnoll.
The gnoll glows dangerously bright.
The gnoll barely misses you.
The gnoll hits you from afar with a +0 spear.
* * * LOW HITPOINT WARNING * * *
😱 HP[-4]
You take 4 damage, and now have 3/25 hp.
Unknown command.
It was a potion of berserk rage.
A red film seems to cover your vision as you go berserk!
You feel yourself moving faster!
You feel mighty! The gnoll hits you with a +0 spear.
* * * LOW HITPOINT WARNING * * *
The gnoll closely misses you. 😱 HP[-1]
You now have 38 max hp (+13).
You punch the gnoll!
You kill the gnoll!
The gnoll hits you but does no damage.
You hit the gnoll.
The gnoll begins to glow.
The gnoll hits you with a +0 spear.
You die...

Skill      XL: |  1  2  3 |
---------------+----------+-----
Shapeshifting  | 3 4 |  4.5
Fighting       | |  0.8
Dodging        | |  1.7
Unarmed Combat | |  2.6

Action                     |  1- 3 |  4- 6 || total
---------------------------+-------+-------++-------
  Melee: Unarmed           |    47 |    32 ||    79
         Dagger            |    85 |       ||    85
         Punch             |     3 |       ||     3
    Use: Potion            |     1 |     1 ||     2
         Scroll            |     5 |       ||     5
 Armour: Skin              |    27 |       ||    27
         Animal skin       |    14 |       ||    14
         Ring mail         |    39 |    21 ||    60
  Dodge: Dodged            |    72 |    12 ||    84
   Form: Flux              |     1 |       ||     1

Levels and vault maps discovered:
D:1:      psy_arrival_dodecagon, layout_basic, serial_shops,
          nicolae_shop_advertising_works [nicolae_subvault_shop_adworks]
D:2:      layout_basic, uniq_crazy_yiuf_cottage, uniq_terence
D:3:      layout_rooms, shapermc_ecumenical_altar_ellora,
          gammafunk_ghost_gnarly_gnolls, uniq_grinder

Notes
Turn   | Place    | Note
-------+----------+-------------------------------------------
     0 | D:1      | kae the Demigod Shapeshifter began the quest for the Orb.
     0 | D:1      | Reached XP level 1. HP: 15/15 MP: 3/3
     0 | D:1      | magus.rc [v1.11.3]
    73 | D:1      | HP: 5/22 [quokka (2)]
    80 | D:1      | HP: 5/22 [jackal (2)]
    82 | D:1      | HP: 2/22 [jackal (3)]
    85 | D:1      | Reached skill level 3 in Shapeshifting
   194 | D:1      | Reached XP level 2. HP: 19/22 MP: 4/4
   458 | D:1      | You pick up a book of Spatial Translocations and begin
                  | reading...
   458 | D:1      | You add the spells Blink, Momentum Strike and Lesser
                  | Beckoning to your library.
   636 | D:1      | Found Nicuimpo's Book Shoppe.
   991 | D:2      | Reached XP level 3. HP: 20/27 MP: 5/5
  1187 | D:2      | Noticed Terence
  1218 | D:2      | Killed Terence
  1219 | D:2      | Reached skill level 4 in Shapeshifting
  1410 | D:2      | Found a runed translucent door.
  1411 | D:2      | Noticed Crazy Yiuf
  1467 | D:2      | Reached XP level 4. HP: 19/34 MP: 6/6
  1719 | D:3      | Found a transporter.
  1787 | D:3      | Found a transporter.
  1794 | D:3      | Identified the +4 scale mail "Nudogy" {rF- Str+5 Dex+5}
  1794 | D:3      | Noticed a gnoll sergeant
  1870 | D:3      | HP: 3/25 [gnoll/+0 spear (4)]
  1874 | D:3      | Slain by a gnoll

Vanquished Creatures
  Terence (D:2)
  A gnoll (D:3)
  2 adders (D:2)
  A dart slug (D:1)
  An orc (D:3)
  4 ball pythons (D:1)
  4 endoplasms
  2 giant cockroaches
  2 goblins
  3 hobgoblins (D:2)
  4 jackals (D:1)
  5 kobolds
  4 quokkas (D:1)
  2 bats (D:2)
  4 frilled lizards
  5 rats
45 creatures vanquished.

Table legend:
 A = Non-vault XP
 B = Vault XP
 C = Vault XP percentage of total XP
 D = Non-vault monster count
 E = Vault monster count
 F = Vault count percentage of total count
                 A         B        C        D         E       F
            +---------+---------+-------+---------+---------+-------
      Total |     108 |      36 |  25.0 |      44 |       1 |   2.2
            +---------+---------+-------+---------+---------+-------
        D:1 |      34 |       0 |   0.0 |      19 |       0 |   0.0
        D:2 |      51 |      36 |  41.4 |      19 |       1 |   5.0
        D:3 |      23 |       0 |   0.0 |       6 |       0 |   0.0
            +---------+---------+-------+---------+---------+-------

Skill      XL: |  1  2  3 |
---------------+----------+-----
Shapeshifting  | 3 4 |  4.5
Fighting       | |  0.8
Dodging        | |  1.7
Unarmed Combat | |  2.6

Action                     |  1- 3 |  4- 6 || total
---------------------------+-------+-------++-------
  Melee: Unarmed           |    47 |    32 ||    79
         Dagger            |    85 |       ||    85
         Punch             |     3 |       ||     3
    Use: Potion            |     1 |     1 ||     2
         Scroll            |     5 |       ||     5
 Armour: Skin              |    27 |       ||    27
         Animal skin       |    14 |       ||    14
         Ring mail         |    39 |    21 ||    60
  Dodge: Dodged            |    72 |    12 ||    84
   Form: Flux              |     1 |       ||     1

Illustrated notes

Table legend:
 A = Kills in this place as a percentage of kills in the entire game.
 B = Kills by you in this place as a percentage of kills by you in the entire game.
 C = Kills by friends in this place as a percentage of kills by friends in the entire game.
 D = Other kills in this place as a percentage of other kills in the entire game.
 E = Experience gained in this place as a percentage of experience gained in the entire game.
 F = Experience gained in this place divided by the number of levels of this place that you have seen.
                   A       B       C       D       E      F
               +-------+-------+-------+-------+-------+----------------------
         Total | 100.0 | 100.0 |   N/A |   N/A | 100.0 |  48.0
       Dungeon | 100.0 | 100.0 |   N/A |   N/A | 100.0 |  48.0
               +-------+-------+-------+-------+-------+----------------------

Table legend: (Time is in decaauts)
 A = Elapsed time spent in this place.
 B = Non-inter-level travel time spent in this place.
 C = Inter-level travel time spent in this place.
 D = Time resting spent in this place.
 E = Time spent auto-exploring this place.
 F = Levels seen in this place.
 G = Mean time per level.
                   A        B        C        D        E       F      G
               +--------+--------+--------+--------+--------+-----+--------+
         Total |   1871 |   1788 |     83 |     89 |   1333 |   3 |  623.7 |
       Dungeon |   1871 |   1788 |     83 |     89 |   1333 |   3 |  623.7 |
               +--------+--------+--------+--------+--------+-----+--------+

Top non-repeatable levels by time:
     D:2: 960 daAuts
     D:1: 736 daAuts
     D:3: 174 daAuts
